 Dungeon Crawl Stone Soup version 0.29-a0-275-g389c0b56f3 (webtiles) character file.

Game seed: 4237427488386522856

16447 dolemite99 the Grappler (level 12, -2/100 HPs)
             Began as a Troll Hunter on Mar 12, 2022.
             Was a Believer of Lugonu.
             Slain by a demonic crawler (3 damage)
             ... on level 1 of the Lair of Beasts.
             The game lasted 00:19:49 (15419 turns).

dolemite99 the Grappler (Troll Hunter)             Turns: 15419, Time: 00:19:50

Health: -2/100     AC:  9    Str: 29    XL:     12   Next: 10%
Magic:  10/17      EV: 12    Int:  7    God:    Lugonu [**....]
Gold:   472        SH: 11    Dex: 14    Spells: 11/11 levels left

rFire   . . .      SeeInvis .     - Unarmed
rCold   . . .      Faith    +   C - +0 kite shield
rNeg    . . .      Spirit   .   S - +0 acid dragon scales
rPois   .          Reflect  .   (helmet restricted)
rElec   .          Harm     .   F - +0 cloak
rCorr   +          Rampage  .   (gloves unavailable)
Will    .....                   (boots unavailable)
Stlth   +.........              u - amulet of faith
HPRegen 1.06/turn               J - +4 ring of evasion {=R}
MPRegen 0.15/turn               N - +6 ring of strength

@: about to teleport
A: large, unfitting armour, claws 3, regeneration 1, shaggy fur 1, tough skin 1
a: Renounce Religion, Depart the Abyss, Bend Space


You were on level 1 of the Lair of Beasts.
You worshipped Lugonu.
Lugonu was pleased with you.
You visited 2 branches of the dungeon, and saw 14 of its levels.

You collected 472 gold pieces.

Inventory:

Hand Weapons
 a - a +1 hand crossbow
 k - a +0 whip of distortion
 r - a +0 vampiric dagger
 v - a +0 antimagic hand axe
 x - the +4 rapier of Internal Strife {flame, Int-5 Dex+8}
   (You found it on level 6 of the Dungeon)

   It burns those it strikes, dealing additional fire damage.
   Int:       It affects your intelligence (-5).
   Dex:       It affects your dexterity (+8).
 E - the +3 mace of Overwhelming Force {vorpal, +Blink rF+ Int-3 Dex+7}
   (You found it on level 7 of the Dungeon)

   It inflicts extra damage upon your enemies.
   Int:       It affects your intelligence (-3).
   Dex:       It affects your dexterity (+7).
   rF:        It protects you from fire.
   +Blink:    It lets you blink.
Missiles
 m - 13 poisoned darts (quivered)
 n - 180 stones
 w - a throwing net
 X - 8 boomerangs
Armour
 b - a +2 robe
 C - a +0 kite shield (worn)
 F - a +0 cloak (worn)
 S - +0 acid dragon scales (worn)
Magical Staves
 j - a staff of death
Jewellery
 f - a ring of magical power
 u - an amulet of faith (around neck)
 J - a +4 ring of evasion (left claw) {=R}
 M - a ring of resist corrosion
 N - a +6 ring of strength (right claw)
 P - a +4 ring of slaying
 R - a +4 ring of slaying
 T - a +6 ring of intelligence
 U - a +4 ring of protection
Wands
 A - a wand of digging (7)
 I - a wand of paralysis (12)
 W - a wand of flame (3)
Scrolls
 c - 5 scrolls of immolation
 g - 3 scrolls of magic mapping
 o - 2 scrolls of teleportation
 t - 2 scrolls of fog
 y - a scroll of noise
 G - 2 scrolls of amnesia
 H - a scroll of identify {@r1}
 K - a scroll of enchant armour
 L - a scroll of vulnerability {unknown}
 Q - a scroll of brand weapon
 V - a scroll of enchant weapon {unknown}
Potions
 d - a potion of resistance {unknown}
 e - 3 potions of haste
 h - a potion of magic
 i - 2 potions of cancellation
 p - 2 potions of might {unknown}
 q - 3 potions of degeneration {unknown}
 s - 2 potions of lignification {unknown}
 z - a potion of heal wounds {unknown}
 B - a potion of flight {unknown}
 D - a potion of brilliance {unknown}
 O - a potion of berserk rage {unknown}


   Skills:
 - Level 1.5 Fighting
 - Level 2.6 Crossbows
 + Level 6.7 Throwing
 - Level 1.5 Dodging
 - Level 0.3 Stealth
 - Level 9.5 Shields
 - Level 11.6 Unarmed Combat
 - Level 8.3 Invocations


You had 11 spell levels left.
You didn't know any spells.
Your spell library contained the following spells:

 Spells                   Type           Power      Damage    Failure   Level
 Apportation              Tloc           0%         N/A       71%         1
 Pain                     Necr           0%         1d4       71%         1
 Ensorcelled Hibernation  Hex/Ice        0%         N/A       85%         2
 Passwall                 Tmut/Erth      0%         N/A       85%         2
 Confusing Touch          Hex            0%         N/A       97%         3
 Gell's Gravitas          Tloc           0%         N/A       97%         3
 Lesser Beckoning         Tloc           0%         N/A       97%         3
 Spider Form              Tmut/Pois      0%         N/A       97%         3
 Swiftness                Air            0%         N/A       97%         3
 Teleport Other           Tloc           0%         N/A       97%         3
 Anguish                  Hex/Necr       0%         N/A       100%        4
 Leda's Liquefaction      Hex/Erth       0%         N/A       100%        4
 Alistair's Intoxication  Tmut/Pois      0%         N/A       100%        5
 Lee's Rapid Deconstruct  Erth           0%         3d5*      100%        5
 Yara's Violent Unravell  Hex/Tmut       0%         3d3       100%        5
 Statue Form              Tmut/Erth      0%         N/A       100%        6
 Enfeeble                 Hex            0%         N/A       100%        7


Dungeon Overview and Level Annotations

Branches:
Dungeon (13/15)            Temple (0/1) D:7            Lair (1/6) D:10
    Orc (0/2) D:11
 Vaults: D:13-14

Altars:
Ashenzari
Cheibriados
Gozag
Hepliaklqana
Kikubaaqudgha
Makhleb
Nemelex Xobeh
Ru
Sif Muna
Trog
Vehumet
The Shining One
Lugonu

Shops:
D:7 =   D:8 *

Annotations:
D:7 2 transporters, fragbeetle's ghost, novice TrGl
D:9 2 runed translucent doors, Bediveer's ghost, weakling MiMo
Abyss:1 Joseph; Lodul; Sigmund


Innate Abilities, Weirdness & Mutations

You are too large for most types of armour.
You have claws for hands.
Your natural rate of healing is unusually fast.
You are covered in fur. (AC +1)
You have tough skin. (AC +1)


Message History

You feel strangely stable.
You feel sick. You block the cane toad's attack. The demonic crawler hits you.
* * * LOW HITPOINT WARNING * * *
The demonic crawler completely misses you.
The demonic crawler hits you!
* * * LOW HITPOINT WARNING * * *
* * * LOW HITPOINT WARNING * * *
You feel very sick. You block the cane toad's attack.
You block the demonic crawler's attack.
The demonic crawler hits you but does no damage.
The demonic crawler barely misses you. The cane toad barely misses you.
You feel better.
The demonic crawler hits you but does no damage.
You block the demonic crawler's attack. x2
The cane toad stings you but does no damage.
You feel better.
The demonic crawler hits you but does no damage.
The demonic crawler hits you.
* * * LOW HITPOINT WARNING * * *
You block the demonic crawler's attack. You block the cane toad's attack.
The demonic crawler hits you.
* * * LOW HITPOINT WARNING * * *
The demonic crawler closely misses you. You block the demonic crawler's attack.
You feel better. You block the cane toad's attack.
The demonic crawler hits you.
* * * LOW HITPOINT WARNING * * *
The demonic crawler barely misses you. The demonic crawler closely misses you.
You feel better. You block the cane toad's attack.
The demonic crawler shrieks in warning!
You block the cane toad's attack.
You hear a loud, deep croak!
As you read the scroll of teleportation, it crumbles to dust.
You feel strangely unstable.
You block the demonic crawler's attack. x2
The demonic crawler hits you!
* * * LOW HITPOINT WARNING * * *
The cane toad completely misses you. The demonic crawler barely misses you.
The demonic crawler hits you!
* * * LOW HITPOINT WARNING * * *
The demonic crawler hits you.
You die...

.........≈≈≈≈≈ .
...#≈≈≈≈≈# #..
#.#≈≈≈###
.....###..≈≈≈#≈≈≈
PPP....<..≈≈≈≈≈≈≈|≈
≈≈P.......≈≈≈#≈≈≈≈≈
≈≈P.......≈S≈###≈##
PPP..!>...Fs≈≈≈###≈
......####.@§≈≈≈≈≈≈
.##### #####≈≈≈≈≈
##≈## #


You could see a demonic crawler (catching breath), a cane toad and a water
moccasin.

Vanquished Creatures
  5 two-headed ogres (D:10)
  Pikel (D:7)
  A manticore (D:10)
  A troll (D:12)
  4 wyverns
  2 yaks (D:10)
  Eustachio (D:4)
  A wraith (D:13)
  A shadow (D:10)
  A steam dragon (D:7)
  Menkaure (D:7)
  2 acid dragons (D:10)
  A swamp worm (D:10)
  6 water moccasins
  4 ice beasts
  5 black bears
  3 orc warriors
  2 sky beasts
  2 ogres
  2 phantoms
  3 centaurs
  2 lemures (D:7)
  2 kobold brigands (D:9)
  4 bullfrogs
  5 scorpions
  3 gnoll sergeants
  A necrophage (D:8)
  3 wights (D:9)
  8 killer bees
  A gnoll shaman (D:6)
  3 hounds
  Crazy Yiuf (D:7)
  8 orc priests
  2 jellies (D:5)
  14 orc wizards
  Natasha (thrice) (D:4)
  5 iguanas
  22 gnolls
  9 adders
  2 shadow imps
  3 white imps
  2 ufetubi
  A worm (D:2)
  29 orcs
  8 endoplasms
  5 giant cockroaches
  15 goblins
  8 hobgoblins
  8 jackals
  19 kobolds
  2 quokkas
  8 ball pythons
  7 bats
  3 frilled lizards (D:1)
  4 rats
269 creatures vanquished.

Vanquished Creatures (others)
  66 fungi (D:10)
  52 plants
118 creatures vanquished.

Grand Total: 387 creatures vanquished

Notes
Turn   | Place    | Note
-------+----------+-------------------------------------------
     0 | D:1      | dolemite99 the Troll Hunter began the quest for the Orb.
     0 | D:1      | Reached XP level 1. HP: 19/19 MP: 0/0
   126 | D:1      | Reached skill level 1 in Unarmed Combat
   168 | D:1      | Reached XP level 2. HP: 27/27 MP: 1/1
   191 | D:1      | Reached skill level 2 in Unarmed Combat
   247 | D:1      | Found a faded altar of an unknown god.
   257 | D:1      | Prayed at the altar of an unknown god.
   257 | D:1      | Became a worshipper of Lugonu the Unformed
   257 | D:1      | Reached * piety under Lugonu
   257 | D:1      | Reached ** piety under Lugonu
   541 | D:2      | Reached XP level 3. HP: 30/33 MP: 2/2
   701 | D:2      | Reached skill level 3 in Unarmed Combat
   959 | D:2      | Reached XP level 4. HP: 38/41 MP: 3/3
  1430 | D:3      | Reached skill level 4 in Unarmed Combat
  1445 | D:3      | Reached *** piety under Lugonu
  1446 | D:3      | Reached XP level 5. HP: 26/48 MP: 4/4
  1675 | D:3      | Noticed Sigmund
  1687 | D:2      | Reached skill level 5 in Unarmed Combat
  2326 | D:4      | Noticed Natasha
  2344 | D:4      | Killed Natasha
  2345 | D:4      | Reached XP level 6. HP: 46/55 MP: 5/7
  2629 | D:5      | Entered Level 5 of the Dungeon
  2659 | D:4      | Noticed Natasha
  2671 | D:4      | Killed Natasha
  2684 | D:4      | Noticed Natasha
  2692 | D:4      | Killed Natasha
  2838 | D:3      | Banished Sigmund
  2839 | D:3      | Reached XP level 7. HP: 62/62 MP: 3/9
  3375 | D:4      | Reached skill level 5 in Invocations
  3375 | D:4      | Noticed Eustachio
  3385 | D:4      | Killed Eustachio
  3425 | D:4      | HP: 2/62 [gnoll/+0 whip of distortion (7)]
  5553 | D:5      | Reached XP level 8. HP: 59/70 MP: 10/12
  5744 | D:5      | Reached skill level 6 in Unarmed Combat
  5839 | D:5      | Reached **** piety under Lugonu
  6180 | D:5      | Found a radiant altar of Vehumet.
  6215 | D:5      | Found an ancient bone altar of Kikubaaqudgha.
  6228 | D:5      | Got Kikubaaqudgha's Reference Book on Black Secrets
  6238 | D:5      | Reached skill level 7 in Unarmed Combat
  6345 | D:5      | Found a shimmering blue altar of Sif Muna.
  6677 | D:6      | Identified the +4 rapier of Internal Strife {flame, Int-5
                  | Dex+8}
  7275 | D:6      | Reached skill level 8 in Unarmed Combat
  7275 | D:6      | Reached XP level 9. HP: 76/76 MP: 13/13
  8457 | D:6      | Reached skill level 9 in Unarmed Combat
  9041 | D:7      | Noticed Joseph
  9051 | D:7      | Banished Joseph
  9052 | D:7      | Reached skill level 10 in Unarmed Combat
  9128 | D:7      | Noticed Menkaure
  9133 | D:7      | Killed Menkaure
  9164 | D:7      | Found Kaeceli's Jewellery Shop.
  9271 | D:7      | Noticed Pikel
  9339 | D:7      | Killed Pikel
  9340 | D:7      | Reached skill level 11 in Unarmed Combat
  9340 | D:7      | Reached XP level 10. HP: 42/85 MP: 15/15
  9883 | D:7      | Found a transporter.
  9884 | D:7      | Noticed fragbeetle's ghost (novice TrGl)
  9885 | D:7      | Identified the +6 giant club "Isosoesu" {vorpal, rF+ rC+
                  | Int+2}
  9885 | D:7      | Noticed a two-headed ogre
  9896 | D:7      | Found a transporter.
  9903 | D:7      | Found a staircase to the Ecumenical Temple.
  9927 | D:7      | Found a sparkling altar of Nemelex Xobeh.
  9929 | D:7      | Found a bloodstained altar of Trog.
  9944 | D:7      | Found a runed translucent door.
  9945 | D:7      | Noticed Crazy Yiuf
  9951 | D:7      | Killed Crazy Yiuf
  9955 | D:7      | Identified the +3 mace of Overwhelming Force {vorpal,
                  | +Blink rF+ Int-3 Dex+7}
 10304 | D:8      | Reached skill level 1 in Throwing
 10360 | D:8      | Noticed a two-headed ogre
 10363 | D:8      | Banished a two-headed ogre
 10371 | D:8      | Noticed a two-headed ogre
 10380 | D:8      | Found a hazy altar of Hepliaklqana.
 10381 | D:8      | Found a burning altar of Makhleb.
 10384 | D:8      | Banished a two-headed ogre
 10385 | D:8      | Reached skill level 5 in Throwing
 10620 | D:8      | Found a sacrificial altar of Ru.
 10621 | D:8      | Found a snail-covered altar of Cheibriados.
 10621 | D:8      | Found a broken altar of Ashenzari.
 10701 | D:8      | Found Pobruto's CLEARANCE SALE!.
 11256 | D:9      | Reached skill level 1 in Shields
 11486 | D:9      | Found an opulent altar of Gozag.
 11487 | D:9      | Found an opulent altar of Gozag.
 11494 | D:9      | Found an opulent altar of Gozag.
 11502 | D:9      | Found an opulent altar of Gozag.
 11658 | D:9      | Found a glowing golden altar of the Shining One.
 11811 | D:9      | Found a large runed translucent door.
 11811 | D:9      | Found a large runed translucent door.
 11815 | D:9      | Noticed Bediveer's ghost (weakling MiMo)
 12006 | D:10     | Entered Level 10 of the Dungeon
 12072 | D:10     | Noticed a two-headed ogre
 12115 | D:10     | Killed a two-headed ogre
 12116 | D:10     | Reached XP level 11. HP: 48/92 MP: 11/16
 12294 | D:10     | Found a staircase to the Lair.
 12566 | D:10     | Reached skill level 5 in Shields
 12717 | D:10     | Noticed a two-headed ogre
 12737 | D:10     | Banished a two-headed ogre
 12740 | D:10     | Noticed a two-headed ogre
 13131 | D:10     | Noticed Lodul
 13132 | D:10     | Noticed a two-headed ogre
 13132 | D:10     | Noticed a two-headed ogre
 13134 | D:10     | Noticed a two-headed ogre
 13135 | D:10     | Noticed a two-headed ogre
 13136 | D:10     | Noticed a two-headed ogre
 13143 | D:10     | Noticed a two-headed ogre
 13371 | D:10     | Killed a two-headed ogre
 13947 | D:10     | Banished Lodul
 13977 | D:10     | Killed a two-headed ogre
 13986 | D:10     | Banished a two-headed ogre
 14226 | D:10     | Killed a two-headed ogre
 14237 | D:10     | Killed a two-headed ogre
 14238 | D:10     | Banished a two-headed ogre
 14459 | D:10     | You fall into a shaft and drop 3 floors!
 14515 | D:13     | Reached XP level 12. HP: 15/100 MP: 12/17
 14910 | D:11     | Found a staircase to the Orcish Mines.
 15280 | Lair:1   | Entered Level 1 of the Lair of Beasts
 15413 | Lair:1   | HP: 3/100 [demonic crawler (11)]
 15414 | Lair:1   | HP: 1/100 [poisoned by a cane toad]
 15419 | Lair:1   | HP: 1/100 [demonic crawler (10)]
 15419 | Lair:1   | Slain by a demonic crawler

Illustrated notes

Levels and vault maps discovered:
D:1:      dpeg_arrival_chambers_temple_mockup, layout_rooms,
          shapermc_ecumenical_altar_notcrosses
D:2:      layout_basic
D:3:      layout_basic, uniq_sigmund
D:4:      layout_layer_cave, uniq_natasha, uniq_eustachio
D:5:      layout_loops_ring, palyth_temple_overflow_mages
D:6:      layout_rooms, minmay_quadrilaterals
D:7:      layout_basic, grunt_temple_overflow_open, temple_fountains,
          gammafunk_ghost_smash, enter_bailey_3, serial_shops,
          nicolae_shop_advertising_works [nicolae_subvault_shop_adworks],
          abandoned_shop, uniq_crazy_yiuf_cottage, uniq_menkaure, uniq_pikel,
          uniq_joseph
D:8:      layout_cave_pools, gammafunk_temple_overflow_statue, minitemple,
          nicolae_shop_clearance
D:9:      layout_loops_cross, tso_metal_star,
          nicolae_gozag_conspicuous_consumption, ebering_ghost_disaster_area
D:10:     layout_basic, due_lair_maze_entry_diamond,
          minmay_fractal_squares_gapless_7, uniq_lodul
D:11:     layout_loops_ring, orc_0_dummy, serial_shops, shop
D:12:     minmay_the_grid_triangle_9x9_recursive_3
          [minmay_the_grid_triangle_9x9_shrine,
          minmay_the_grid_triangle_9x9_fully_insulated_deathbox,
          minmay_the_grid_triangle_9x9_intruding_spiral,
          minmay_the_grid_triangle_9x9_prize_special,
          minmay_the_grid_triangle_9x9_corruption,
          minmay_the_grid_triangle_9x9_minimal,
          minmay_the_grid_triangle_9x9_subtriangle,
          minmay_the_grid_triangle_9x9_zippers_vertical,
          minmay_the_grid_triangle_9x9_windchime], layout_basic, serial_shops,
          nicolae_shop_hallway_stairs
D:13:     layout_rooms, hive_lemuel
Lair:1:   layout_gridlike, worms_lemuel

Skill      XL: |  1  2  3  4  5  6  7  8  9 10 11 |
---------------+----------------------------------+-----
Unarmed Combat | 1 2 3 4 5 8 11 | 11.6
Invocations    | 2 4 6 7 8 |  8.3
Throwing       | 6 |  6.7
Shields        | 3 9 |  9.5
Fighting       | |  1.5
Crossbows      | |  2.6
Dodging        | |  1.5
Stealth        | |  0.3

Action                   |  1- 3 |  4- 6 |  7- 9 | 10-12 || total
-------------------------+-------+-------+-------+-------++-------
Melee: Unarmed           |    18 |    70 |   327 |   302 ||   717
       Punch             |       |     1 |    16 |     4 ||    21
 Fire: Hand crossbow     |    98 |    58 |   121 |       ||   277
Throw: Dart              |       |       |     7 |   135 ||   142
       Stone             |       |       |       |    10 ||    10
Invok: Banish            |       |     1 |    12 |    17 ||    30
Evoke: Wand              |       |       |       |    11 ||    11
  Use: Scroll            |       |     6 |     8 |     9 ||    23
       Potion            |       |       |     1 |     4 ||     5
 Stab: Sleeping          |       |       |     1 |       ||     1
Armor: Robe              |    32 |    35 |   117 |    41 ||   225
       Acid dragon scale |       |       |       |    31 ||    31
Dodge: Dodged            |    41 |    44 |   215 |   159 ||   459
Block: Kite shield       |       |       |       |   144 ||   144

Table legend: (Time is in decaauts)
 A = Elapsed time spent in this place.
 B = Non-inter-level travel time spent in this place.
 C = Inter-level travel time spent in this place.
 D = Time resting spent in this place.
 E = Time spent auto-exploring this place.
 F = Levels seen in this place.
 G = Mean time per level.
                   A        B        C        D        E       F      G
               +--------+--------+--------+--------+--------+-----+--------+
         Total |  15416 |  14832 |    584 |   6141 |   5470 |  14 | 1101.1 |
       Dungeon |  15387 |  14803 |    584 |   6141 |   5470 |  13 | 1183.6 |
          Lair |     29 |     29 |      0 |      0 |      0 |   1 |   29.0 |
               +--------+--------+--------+--------+--------+-----+--------+

Top non-repeatable levels by time:
     D:4: 2693 daAuts
    D:10: 2621 daAuts
     D:5: 1956 daAuts
     D:6: 1627 daAuts
     D:7: 1470 daAuts
     D:3: 1368 daAuts
     D:9: 1165 daAuts
     D:2: 717 daAuts
     D:8: 647 daAuts
     D:1: 633 daAuts
    D:13: 264 daAuts
    D:12: 205 daAuts
  Lair:1: 29 daAuts
    D:11: 16 daAuts
